[Event "Team 45 45 League T30"]
[Site "Internet Chess Club"]
[Date "2006.04.27"]
[Round "6"]
[White "Joyoyo"]
[Black "SneakyRed"]
[Result "1-0"]
[WhiteElo "1647"]
[BlackElo "1867"]
[TimeControl "2700+45"]

1. e4 c6 2. d4 d5 3. Nc3 dxe4 4. Nxe4 Bf5 5. Ng3 Bg6 6. Nf3 Nd7 7. Be3 e6 8. Bd3
Ngf6 9. O-O Qc7 10. Qd2 Bd6 11. Rfe1 Nd5 12. Bxg6 hxg6 13. c4 Nxe3 14. Qxe3 Nf6
15. Ne5 Bxe5 16. dxe5 Ng4 17. Qa3 Nxe5 18. b3 Ng4 19. h3 Nf6 20. Rad1 Qe7 21.
Qb2 Rd8 22. Rxd8+ Qxd8 23. Qa3 Qd2 24. Kf1 Qd4 25. Qb4 b6 26. Qa4 Qd7 27. Qa3
Rh4 28. Qc1 Rd4 29. a4 Rd3 30. b4 Rd2 31. b5 Qd3+ 32. Kg1 Rc2 33. Qf4 Qxc4 34.
Qb8+ Ke7 35. Qxa7+ Kf8 36. Qxb6 cxb5 37. Qd6+ Kg8 38. Qd8+ Kh7 39. Re4 Qc5 40.
Rh4+ Nh5 41. Ne4 Rc1+ 42. Kh2 Qe5+ 43. g3 bxa4 44. Ng5+ Kh6 45. Nxf7+ {Black
resigns} 1-0  aics%

[Event "Team 45 45 League T30"]
[Site "Internet Chess Club"]
[Date "2006.04.27"]
[Round "6"]
[White "Spady"]
[Black "ogoon"]
[Result "0-1"]
[WhiteElo "1600"]
[BlackElo "1642"]
[TimeControl "2700+45"]

1. e4 e6 2. d4 d5 3. Nc3 Bb4 4. e5 c5 5. a3 cxd4 6. axb4 dxc3 7. bxc3 Qc7 8. Nf3
Ne7 9. Bb5+ Bd7 10. Bxd7+ Nxd7 11. O-O O-O 12. Bb2 Nxe5 13. Nxe5 Qxe5 14. Re1
Qf6 15. Ra2 a6 16. c4 Qg6 17. cxd5 Nxd5 18. Qd4 Rad8 19. h4 Nf6 20. Qc3 Rc8 21.
Qe5 Rxc2 22. f3 {White resigns} 0-1  aics%

[Event "Team 45 45 League T30"]
[Site "Internet Chess Club"]
[Date "2006.05.01"]
[Round "6"]
[White "Mutaant"]
[Black "gessie7"]
[Result "0-1"]
[WhiteElo "1434"]
[BlackElo "1536"]
[TimeControl "2700+45"]

1. e4 e5 2. Nf3 Nc6 3. Bb5 a6 4. Ba4 b5 5. Bb3 Be7 6. Bd5 Nf6 7. Nc3 Nxd5 8.
Nxd5 O-O 9. Nxe7+ Qxe7 10. O-O d6 11. d3 Bg4 12. h3 Bh5 13. g4 Bg6 14. Bg5 f6
15. Be3 Rad8 16. Nh4 Bf7 17. f4 exf4 18. Rxf4 Qd7 19. Rf2 d5 20. Qf3 Ne5 21. Qf5
Be6 22. Qh5 dxe4 23. d4 Nc4 24. Bf4 Qxd4 25. c3 Qd3 26. Rh2 e3 27. Re1 e2 28.
Rexe2 Qd1+ 29. Kf2 Rd5 30. Nf5 Bxf5 31. gxf5 g6 32. Qf3 Rxf5 33. Rh1 Qd7 34. Rg1
Ne5 35. Qe4 Rxf4+ 36. Kg3 {White resigns} 0-1  aics%

[Event "Team 45 45 League T30"]
[Site "Internet Chess Club"]
[Date "2006.04.29"]
[Round "6"]
[White "Knight77"]
[Black "hansolo1000"]
[Result "1-0"]
[WhiteElo "1820"]
[BlackElo "1699"]
[TimeControl "2700+45"]

1. d4 Nf6 2. Nf3 g6 3. g3 Bg7 4. Bg2 O-O 5. c4 d6 6. O-O Nbd7 7. Nc3 e5 8. e4 c6
9. Be3 Ng4 10. Bg5 Qb6 11. Rb1 exd4 12. Na4 Qa6 13. Be7 Re8 14. Bxd6 Qxc4 15. b3
Qe6 16. Ba3 Ngf6 17. Nxd4 Qe5 18. f4 Qa5 19. e5 Nd5 20. Qe1 Qxe1 21. Rfxe1 N7b6
22. Nc5 Nc3 23. Rbc1 Ncd5 24. Ne4 Rd8 25. Nd6 Bf8 26. Bb2 Nb4 27. Rcd1 Bg4 28.
Rd2 Bxd6 29. exd6 Rxd6 30. a3 N4d5 31. h3 Bd7 32. Rde2 h5 33. Nf3 f6 34. Bd4 Rf8
35. Bc5 Nc3 36. Re3 Nb5 37. Bxd6 Nxd6 38. Nd4 Nd5 39. Rd3 Kf7 40. f5 gxf5 41.
Nc2 Ne4 42. Nb4 Be6 43. Nxd5 Bxd5 44. Rde3 Rg8 45. Kh2 Ke6 46. Bf1 Ke5 47. Bd3
Kd4 48. Bc2 Nd2 49. Rd3+ {Black resigns} 1-0  aics%

[Event "Team 45 45 League T30"]
[Site "Internet Chess Club"]
[Date "2006.05.02"]
[Round "6"]
[White "GadsHill"]
[Black "tammany"]
[Result "0-1"]
[WhiteElo "1537"]
[BlackElo "1653"]
[TimeControl "2700+45"]

1. d4 Nf6 2. c4 e6 3. Nf3 Bb4+ 4. Nbd2 O-O 5. a3 Be7 6. e3 b6 7. Bd3 Bb7 8. O-O
c5 9. b3 d5 10. Bb2 cxd4 11. Nxd4 Nc6 12. N4f3 dxc4 13. Bxc4 Qc7 14. Rc1 Rfd8
15. Qe2 Rac8 16. Rfd1 Ba8 17. Nf1 Rxd1 18. Rxd1 Na5 19. Rc1 Nxc4 20. Rxc4 Qb7
21. Rxc8+ Qxc8 22. Ne5 Qc7 23. b4 Bd6 24. Nc4 Be7 25. Ng3 Bb7 26. Ne5 Ne4 27.
Qc4 Qxc4 28. Nxc4 Nxg3 29. hxg3 Bd5 30. Nd2 a5 31. Bc3 axb4 32. Bxb4 Bxb4 33.
axb4 f5 34. Nf3 Bxf3 35. gxf3 Kf7 36. Kf1 Ke7 37. Ke2 Kd6 38. Kd3 b5 39. e4 g5
40. Kd4 h5 41. Ke3 h4 42. gxh4 gxh4 43. f4 h3 44. Kf3 fxe4+ 45. Kg3 Kd5 46. Kxh3
Kc4 {White resigns} 0-1  aics%

[Event "Team 45 45 League T30"]
[Site "Internet Chess Club"]
[Date "2006.04.30"]
[Round "6"]
[White "dougmo"]
[Black "Cantemir"]
[Result "0-1"]
[WhiteElo "1508"]
[BlackElo "1564"]
[TimeControl "2700+45"]

1. e4 d6 2. d4 f5 3. e5 dxe5 4. dxe5 Qxd1+ 5. Kxd1 e6 6. Bb5+ c6 7. Bd3 Nd7 8.
Nf3 Nc5 9. Be3 Nxd3 10. cxd3 Ne7 11. Nc3 Nd5 12. Nxd5 cxd5 13. Rc1 b6 14. Nd4
Bc5 15. Rxc5 bxc5 16. Nb5 d4 17. Bg5 h6 18. Bd2 O-O 19. Ke2 Rb8 20. Nxa7 Rxb2
21. Rc1 Rxa2 22. Nxc8 Rxc8 23. Kd1 Ra3 24. Ke2 g5 25. Bb4 Ra2+ 26. Kf3 g4+ 27.
Kg3 Kf7 28. Rxc5 Rxc5 29. Bxc5 Rd2 30. f4 Rxd3+ 31. Kf2 h5 32. g3 Rf3+ 33. Ke2
d3+ 34. Kd2 Kg6 35. Be3 Rf1 36. Kxd3 Rh1 37. Bf2 Rxh2 38. Ke3 Rh1 39. Ke2 Ra1
40. Ke3 Ra3+ 41. Ke2 Rf3 42. Ke1 Kf7 43. Ke2 Ke7 44. Ke1 Kd7 45. Ke2 Kc6 46. Ke1
Kd5 47. Ke2 Ke4 48. Kf1 Kd3 49. Ke1 Kc2 50. Ke2 Kc1 51. Ke1 Kc2 52. Ke2 Kc3 53.
Be1+ Kd4 54. Bf2+ Ke4 55. Kf1 h4 56. gxh4 Kxf4 57. Kg2 Kxe5 58. Bg3+ f4 59. Be1
Kf5 60. Bf2 e5 {White resigns} 0-1  aics%

[Event "Team 45 45 League T30"]
[Site "Internet Chess Club"]
[Date "2006.04.29"]
[Round "6"]
[White "Patrook"]
[Black "Two-DogMan"]
[Result "0-1"]
[WhiteElo "1621"]
[BlackElo "1543"]
[TimeControl "2700+45"]

1. e4 e5 2. Nf3 d6 3. d4 exd4 4. Nxd4 Nf6 5. Nc3 c6 6. a4 a6 7. Bc4 Be7 8. O-O
O-O 9. Re1 Nbd7 10. h3 Ne5 11. Be2 Bd7 12. Nf3 Qc8 13. Nxe5 dxe5 14. Bf1 Bc5 15.
Be3 Bxe3 16. Rxe3 Be6 17. a5 Qc7 18. b4 Qe7 19. Qb1 Nh5 20. Ne2 f5 21. exf5 Bd5
22. g4 Nf6 23. Bg2 e4 24. c3 Qe5 25. Ng3 Rae8 26. Qc2 Qf4 27. Rae1 h5 28. Nxe4
Bxe4 29. Bxe4 hxg4 30. hxg4 Qxg4+ 31. Kf1 Nxe4 32. Rxe4 Qxf5 33. Rxe8 Qxc2
{White resigns} 0-1  aics%  guanche(71): nadie la kiere aics%

[Event "Team 45 45 League T30"]
[Site "Internet Chess Club"]
[Date "2006.04.30"]
[Round "6"]
[White "Zzasrix"]
[Black "LeifEricson"]
[Result "0-1"]
[WhiteElo "1538"]
[BlackElo "1868"]
[TimeControl "2700+45"]

1. c4 c5 2. Nf3 Nc6 3. g3 b6 4. Nc3 Bb7 5. Bg2 e6 6. O-O f5 7. d4 cxd4 8. Nxd4
Rc8 9. b3 Nf6 10. Ndb5 a6 11. Nd6+ Bxd6 12. Qxd6 Kf7 13. Bb2 Ne8 14. Qf4 g5 15.
Qd2 Rg8 16. Rad1 Nf6 17. Na4 Rg7 18. Qd6 h5 19. Rd2 Rh7 20. Rfd1 Kg6 21. Nc3 h4
22. e3 hxg3 23. fxg3 Qh8 24. g4 Nxg4 25. Ne4 Qd8 26. Nxg5 Qxg5 27. Qg3 Qxe3+ 28.
Qxe3 Nxe3 29. Re1 Nxg2 30. Rxg2+ Kh5 31. Bc1 Nd4 32. Rg5+ Kh4 33. Kf2 Nf3 34.
Reg1 Nxg1 35. Rxg1 Rhh8 36. Bg5+ Kh5 37. h4 Rhg8 38. Ke3 e5 39. a3 Rce8 40. Rd1
Bc6 41. Kf2 f4 42. Rd6 Re6 43. Rd1 Rf8 44. Rg1 e4 45. Be7 Rxe7 {White resigns}
0-1  aics%

[Event "Team 45 45 League T30"]
[Site "Internet Chess Club"]
[Date "2006.04.30"]
[Round "6"]
[White "LIVVI"]
[Black "CSIstephers"]
[Result "1-0"]
[WhiteElo "1507"]
[BlackElo "1381"]
[TimeControl "2700+45"]

1. e4 e5 2. Nf3 Nc6 3. Be2 Nf6 4. d3 d5 5. Nbd2 Bc5 6. exd5 Nxd5 7. Ne4 Bb6 8.
Bd2 Bf5 9. O-O O-O 10. a3 Qd7 11. c4 Nde7 12. Bc3 Ng6 13. b4 Bd4 14. b5 Nce7 15.
Nxd4 exd4 16. Bd2 c6 17. Ng3 Be6 18. a4 Rfc8 19. f4 Nh4 20. Nh5 Nhf5 21. Bf3
cxb5 22. axb5 a6 23. bxa6 Rxa6 24. Rxa6 bxa6 25. Qe2 Rb8 26. Qe5 Rc8 27. Be4 f6
28. Qa5 Qd6 29. Rb1 Kf7 30. Rb6 Qc7 31. Qxa6 Bd7 32. Ng3 Nxg3 33. hxg3 Bf5 34.
Bd5+ Kf8 35. Bb4 Ke8 36. Bxe7 Kxe7 37. Be6 Bxe6 38. Rxe6+ Kf7 39. Kf2 Re8 40. f5
Rxe6 41. Qxe6+ Kf8 42. Qd5 Qe5 43. Qxe5 fxe5 44. Kf3 Ke7 45. Ke4 Kd6 46. g4 h6
47. g3 Ke7 48. Kxe5 Kf7 49. c5 Ke7 50. Kxd4 Kd7 51. Ke4 Kc6 52. d4 Kd7 53. Ke5
Ke7 54. d5 Kd7 55. f6 gxf6+ 56. Kxf6 Ke8 57. Ke6 Kd8 58. d6 Kc8 59. c6 Kd8 60.
Kf7 Kc8 61. Ke8 Kb8 62. Kd8 Ka7 63. c7 Kb7 64. c8=Q+ Kb6 65. Qc1 {Black resigns}
1-0  aics%

[Event "Team 45 45 League T30"]
[Site "Internet Chess Club"]
[Date "2006.05.06"]
[Round "6"]
[White "NFork"]
[Black "searchforbobby1"]
[Result "1-0"]
[WhiteElo "2166"]
[BlackElo "2096"]
[TimeControl "2700+45"]

1. e4 c5 2. Nf3 Nc6 3. d4 cxd4 4. Nxd4 Nf6 5. Nc3 e5 6. Ndb5 d6 7. Bg5 a6 8. Na3
Be6 9. Bc4 Rc8 10. Nd5 Be7 11. Bxf6 Bxf6 12. Nxf6+ gxf6 13. Bxe6 fxe6 14. Qh5+
Ke7 15. c3 Qe8 16. Qe2 Rg8 17. g3 Rd8 18. O-O-O b5 19. Nc2 Qg6 20. f4 Qg4 21.
Qf2 exf4 22. gxf4 Qh5 23. f5 Ne5 24. fxe6 Qh6+ 25. Kb1 Kxe6 26. Nd4+ Kf7 27. Nf5
Qh5 28. Nxd6+ Ke6 29. Qb6 Rb8 30. Nb7+ Kf7 31. Rhf1 Qh4 32. Nd6+ Kg6 33. Qe3 h6
34. Nf5 Qh5 35. Qa7 Qe2 36. Rfe1 Qc4 37. Qe3 Nf7 38. Rd7 Ng5 39. h4 Qxe4+ 40.
Qxe4 Nxe4 41. Ne7+ Kh5 42. Nxg8 Nxc3+ 43. bxc3 Rxg8 44. Re6 Rf8 45. Rdd6 Kxh4
46. Rxf6 Rc8 47. Rxh6+ Kg5 48. Kb2 a5 49. Rb6 Rc5 50. Rhc6 Re5 51. Kb3 Kf4 52.
Rf6+ Kg5 53. Rf7 b4 54. cxb4 Re3+ 55. Ka4 axb4 56. Kxb4 Re4+ 57. Ka5 Re8 58. a4
Re4 59. Kb5 {Black resigns} 1-0  aics%

[Event "Team 45 45 League T30"]
[Site "Internet Chess Club"]
[Date "2006.04.29"]
[Round "6"]
[White "Burning-Bush"]
[Black "PUUNTUUPPAAJA"]
[Result "1-0"]
[WhiteElo "2098"]
[BlackElo "2033"]
[TimeControl "2700+45"]

1. d4 Nf6 2. c4 g6 3. Nc3 d5 4. Nf3 Bg7 5. cxd5 Nxd5 6. e4 Nxc3 7. bxc3 O-O 8.
Rb1 c5 9. Be2 Nc6 10. d5 Ne5 11. Bd2 b6 12. O-O Qd6 13. Qc1 Bg4 14. Bf4 Bxf3 15.
gxf3 f5 16. Kg2 fxe4 17. fxe4 g5 18. Bg3 Qg6 19. Qe3 g4 20. f4 gxf3+ 21. Bxf3
Nxf3 22. Rxf3 Rxf3 23. Qxf3 Rf8 24. Qe3 Bxc3 25. Rf1 Rxf1 26. Kxf1 Bd4 27. Qf4
Qf7 28. Ke2 Qxf4 29. Bxf4 b5 30. Kd3 Kf7 31. e5 Bf2 32. Ke4 a5 33. Kf3 Bd4 34.
Ke4 a4 35. Kd3 Kg6 36. d6 exd6 37. exd6 Kf5 38. d7 Bf6 39. Bc7 Ke6 40. d8=Q Bxd8
41. Bxd8 Kd5 42. Be7 b4 43. Bf8 a3 44. Be7 h5 45. Bf8 h4 46. Be7 h3 47. Bf8 c4+
48. Kc2 b3+ 49. axb3 a2 50. Bg7 cxb3+ 51. Kxb3 {Black resigns} 1-0  aics%

[Event "Team 45 45 League T30"]
[Site "Internet Chess Club"]
[Date "2006.05.01"]
[Round "6"]
[White "bahus"]
[Black "PaulKaspar"]
[Result "1-0"]
[WhiteElo "1885"]
[BlackElo "1861"]
[TimeControl "2700+45"]

1. e4 c6 2. d4 d5 3. Nc3 Nf6 4. e5 Nfd7 5. Nf3 Nb6 6. Bd3 Bg4 7. h3 Bxf3 8. Qxf3
e6 9. O-O N8d7 10. Re1 Qh4 11. Ne2 Be7 12. c3 O-O 13. Nf4 Bd8 14. g3 Qe7 15. Qg4
Bc7 16. Nh5 g6 17. Bh6 Rfe8 18. Ng7 Rec8 19. h4 Nc4 20. Bxc4 dxc4 21. h5 b5 22.
Kg2 Bb6 23. hxg6 hxg6 24. Rh1 c5 25. Qh3 cxd4 26. Bg5 f6 27. Qh7+ {Black
resigns} 1-0  aics%

[Event "Team 45 45 League T30"]
[Site "Internet Chess Club"]
[Date "2006.05.01"]
[Round "6"]
[White "chsrules88"]
[Black "jerq"]
[Result "1-0"]
[WhiteElo "1889"]
[BlackElo "1808"]
[TimeControl "2700+45"]

1. e4 e5 2. Nf3 Nc6 3. Bb5 a6 4. Ba4 Nf6 5. O-O Be7 6. Re1 b5 7. Bb3 O-O 8. c3
d5 9. exd5 Nxd5 10. Nxe5 Nxe5 11. Rxe5 c6 12. d4 Bd6 13. Re1 Qh4 14. g3 Qh3 15.
Be3 Bg4 16. Qd3 Rae8 17. Nd2 Re6 18. Bxd5 cxd5 19. a4 b4 20. c4 dxc4 21. Qxc4 a5
22. Qd5 Qh5 23. Qxh5 Bxh5 24. Nc4 Bc7 25. d5 Ra6 26. d6 Bxd6 27. Nxd6 Rxd6 28.
Bc5 Rd2 29. Bxf8 Kxf8 30. Rac1 g5 31. Re5 h6 32. f4 Rxb2 33. fxg5 hxg5 34. Rc8+
Kg7 35. Rxg5+ Kh6 36. Rxa5 Bg6 37. Rb5 b3 38. a5 Rb1+ 39. Kf2 b2 40. Rcb8 Ra1
41. Rxb2 Rxa5 42. h4 Ra3 43. R2b6 Kg7 44. R8b7 Bh5 45. Rb5 Ra2+ 46. Ke3 Bg4 47.
Rg5+ {Black resigns} 1-0

[Event "Team 45 45 League T30"]
[Site "Internet Chess Club"]
[Date "2006.05.01"]
[Round "6"]
[White "Zillmer"]
[Black "Nelsi"]
[Result "0-1"]
[WhiteElo "1912"]
[BlackElo "2238"]
[TimeControl "2700+45"]

1. e4 e5 2. Nf3 Nc6 3. Bb5 Nf6 4. O-O Nxe4 5. d4 Nd6 6. Bxc6 dxc6 7. dxe5 Nf5 8.
Qxd8+ Kxd8 9. Nc3 Be6 10. Rd1+ Kc8 11. Ng5 h6 12. Nxe6 fxe6 13. Ne4 c5 14. c4
Be7 15. b3 a5 16. g4 Nd4 17. Bb2 Rd8 18. Kg2 b6 19. Rd3 a4 20. Rad1 axb3 21.
axb3 Nxb3 22. Bc3 Ra4 {White resigns} 0-1  aics%

[Event "Team 45 45 League T30"]
[Site "Internet Chess Club"]
[Date "2006.04.30"]
[Round "6"]
[White "elnik"]
[Black "KnightofMercy"]
[Result "0-1"]
[WhiteElo "1920"]
[BlackElo "2010"]
[TimeControl "2700+45"]

1. d4 b6 2. c4 Bb7 3. Nc3 e6 4. e4 Bb4 5. Qc2 Qh4 6. Bd3 f5 7. g3 Qh5 8. a3
Bxc3+ 9. bxc3 Nf6 10. f3 fxe4 11. fxe4 O-O 12. Ne2 Nc6 13. O-O e5 14. dxe5 Nxe5
15. Nf4 Qg4 16. Be2 Bxe4 17. Qb3 Nf3+ 18. Bxf3 Bxf3 19. c5+ Kh8 20. c4 Be4 21.
cxb6 axb6 22. Bb2 Nh5 23. Nxh5 Qxh5 24. Qc3 Qg6 25. Rfe1 Rf6 26. Qe5 Bc6 27.
Rad1 Raf8 28. Qe3 Rf3 29. Qd4 Rxg3+ {White resigns} 0-1  aics%

[Event "Team 45 45 League T30"]
[Site "Internet Chess Club"]
[Date "2006.05.01"]
[Round "6"]
[White "Sergio56"]
[Black "azbycx"]
[Result "0-1"]
[WhiteElo "1880"]
[BlackElo "1863"]
[TimeControl "2700+45"]

1. e4 c5 2. Nf3 Nf6 3. Nc3 d5 4. exd5 Nxd5 5. Bb5+ Bd7 6. Bxd7+ Qxd7 7. Nxd5
Qxd5 8. O-O e6 9. b3 Be7 10. Bb2 O-O 11. Rb1 Nc6 12. d3 Rad8 13. Qe2 Nd4 14.
Nxd4 cxd4 15. f4 Bf6 16. g4 h6 17. Rf3 Rfe8 18. Rh3 e5 19. f5 e4 20. dxe4 Rxe4
21. Qg2 Bg5 22. Rf1 Be3+ 23. Kh1 Rxg4 24. Qxd5 Rxd5 25. Rhf3 Rc5 {White resigns}
0-1  aics%

[Event "Team 45 45 League T30"]
[Site "Internet Chess Club"]
[Date "2006.04.29"]
[Round "6"]
[White "alexcolins"]
[Black "alastorx"]
[Result "0-1"]
[WhiteElo "1773"]
[BlackElo "1784"]
[TimeControl "2700+45"]

1. d4 e6 2. Nf3 d5 3. e3 c5 4. b3 Nf6 5. Bd3 Qa5+ 6. Bd2 Qc7 7. O-O Nc6 8. a3
Bd6 9. c4 dxc4 10. bxc4 cxd4 11. exd4 O-O 12. Nc3 a6 13. c5 Be7 14. Na4 Rd8 15.
Nb6 Rb8 16. Bc3 Nd5 17. Nxd5 Rxd5 18. Be4 Rd8 19. Qc2 h6 20. Rfd1 Bf6 21. Ne5
Ne7 22. Nc4 Nd5 23. Bxd5 Rxd5 24. Ba5 Qe7 25. Ne5 Bd7 26. Bb6 Be8 27. f4 Rc8 28.
a4 Bc6 29. Rab1 Qe8 30. Rb4 Bxe5 31. fxe5 Qd7 32. h3 Rf8 33. Rc4 f6 34. exf6
Rxf6 35. Ba5 Rg5 36. Rd2 Qd5 37. Qa2 Rfg6 38. Rcc2 Qe4 39. Bc7 Qe1+ 40. Kh2 Bd5
41. Qb2 Rf5 42. Rc1 Qh4 43. Be5 Qe4 44. Re2 Qd3 45. Rc3 Qd1 46. Rf2 Rxf2 47.
Qxf2 Rxg2+ 48. Qxg2 Bxg2 49. Rg3 Bd5 50. Rxg7+ Kf8 51. Kg3 Qg1+ 52. Kh4 Qxg7 53.
Bxg7+ Kxg7 54. Kh5 a5 55. Kg4 Bb3 56. Kf4 Bxa4 57. Ke5 Bc6 58. Kxe6 a4 59. d5
Bxd5+ 60. Kxd5 a3 61. Kc4 a2 62. Kb3 a1=Q {White resigns} 0-1  aics%

[Event "Team 45 45 League T30"]
[Site "Internet Chess Club"]
[Date "2006.04.30"]
[Round "6"]
[White "Lipsome123"]
[Black "StrayLite"]
[Result "1-0"]
[WhiteElo "1865"]
[BlackElo "1943"]
[TimeControl "2700+45"]

1. e4 c5 2. b3 Nc6 3. Bb2 e5 4. Bc4 Nf6 5. d3 d5 6. exd5 Nxd5 7. Nf3 f6 8. Nxe5
fxe5 9. Qh5+ g6 10. Qf3 Nf6 11. O-O Bg4 12. Qe3 Qd6 13. f4 Nd7 14. Nd2 O-O-O 15.
fxe5 Ndxe5 16. Ne4 Qe7 17. Rae1 Nxc4 18. bxc4 Bg7 19. Bxg7 Qxg7 20. Qxc5 Qd4+
21. Qxd4 Nxd4 22. c3 Ne2+ 23. Kh1 Rxd3 24. Nf6 Be6 25. Rxe2 Bxc4 26. Re4 Rxc3
27. Rfe1 Bxa2 28. Re7 Rf8 29. Ne4 Rc2 30. Nd6+ Kb8 31. Rxb7+ Ka8 32. Rbe7 Bd5
33. Re8+ {Black resigns} 1-0  aics%

[Event "Team 45 45 League T30"]
[Site "Internet Chess Club"]
[Date "2006.05.01"]
[Round "6"]
[White "FatManMGS2"]
[Black "QuantumWell"]
[Result "0-1"]
[WhiteElo "1903"]
[BlackElo "1989"]
[TimeControl "2700+45"]

1. e4 e5 2. Nf3 Nf6 3. Nxe5 d6 4. Nf3 Nxe4 5. d4 Be7 6. c4 O-O 7. Bd3 Nf6 8. h3
d5 9. cxd5 Bb4+ 10. Nc3 Re8+ 11. Be3 Nxd5 12. Qd2 Nc6 13. O-O Be6 14. Qc2 h6 15.
a3 Bd6 16. Rfe1 Qd7 17. Be4 Bf8 18. Rad1 Nce7 19. Ne5 Qd6 20. Qd3 a6 21. Ne2
Nxe3 22. fxe3 Nd5 23. Rf1 Nf6 24. Bxb7 Rab8 25. Bc6 Rb3 26. Qd2 Reb8 27. Rb1 Nd5
28. Ba4 Rxe3 29. Nc4 Rxe2 30. Qxe2 Nf4 31. Qe4 Nxh3+ 32. gxh3 Bxc4 33. Rf2 Qg3+
34. Qg2 Qe3 35. b4 Qxd4 36. Bb3 Bxb3 37. Rxb3 Qd1+ 38. Qf1 Qxb3 39. Qxa6 Re8 40.
Qc6 Re1+ 41. Kg2 Qxa3 42. Qxc7 Qa8+ 43. Rf3 Re2+ 44. Kg3 Qe8 45. b5 Rd2 46. Kg4
Qe4+ 47. Qf4 Rg2+ 48. Rg3 Qe2+ 49. Qf3 h5+ 50. Kxh5 g6+ 51. Kg4 Qe6+ 52. Kg5
Rxg3+ 53. Kf4 Bd6# {White checkmated} 0-1  aics%

[Event "Team 45 45 League T30"]
[Site "Internet Chess Club"]
[Date "2006.04.30"]
[Round "6"]
[White "Theodulf"]
[Black "chsrules88"]
[Result "0-1"]
[WhiteElo "1642"]
[BlackElo "1897"]
[TimeControl "2700+45"]

1. e4 e5 2. Nf3 Nc6 3. Bc4 Nd4 4. Nxd4 exd4 5. O-O d6 6. d3 Nf6 7. Bg5 Be7 8.
Re1 O-O 9. c3 dxc3 10. Nxc3 c6 11. Qe2 Ng4 12. Bxe7 Qxe7 13. h3 Ne5 14. Rad1 Qg5
15. Qe3 Qe7 16. Bb3 Be6 17. Bc2 Qh4 18. f4 Bg4 19. hxg4 Nxg4 20. Qh3 Qf2+ 21.
Kh1 Qxf4 22. Kg1 Nf2 23. Qe3 Qxe3 24. Rxe3 Nxd1 25. Bxd1 f5 26. Bf3 Rae8 27. Re2
fxe4 28. dxe4 Re5 29. Rd2 Rd8 30. b4 a5 31. Rb2 axb4 32. Rxb4 b5 33. Rb3 Ra8 34.
Rb2 Rc5 35. Ne2 Rc4 36. Rd2 Rd8 37. Nd4 Kf7 38. Nf5 Rc1+ 39. Kf2 g6 40. Nxd6+
Ke6 41. e5 Rc5 42. Bg4+ Ke7 43. Re2 Rf8+ 44. Kg3 h5 45. Bf3 Ke6 46. Nb7 Rc3 47.
Nd6 Rc5 48. Nb7 Rc1 49. Nd6 b4 50. Nb7 c5 51. Na5 Rc3 52. Nc6 g5 53. Kh2 g4 54.
Be4 g3+ 55. Kh3 Rf2 56. Re1 Rxa2 57. Rd1 Re2 58. Rd6+ Kf7 59. Bg6+ Kg7 60. Bxh5
Ree3 61. Ne7 Rxe5 62. Rg6+ Kf8 63. Rxg3 Rxh5+ {White resigns} 0-1

[Event "Team 45 45 League T30"]
[Site "Internet Chess Club"]
[Date "2006.04.30"]
[Round "6"]
[White "Knight-Rookie"]
[Black "clarnibass"]
[Result "0-1"]
[WhiteElo "1402"]
[BlackElo "1715"]
[TimeControl "2700+45"]

1. e4 e6 2. d4 d5 3. exd5 exd5 4. Nf3 Bd6 5. Nc3 Ne7 6. Bd3 c6 7. O-O Bg4 8. Re1
Qc7 9. g3 Nd7 10. Bf1 O-O-O 11. Bg2 f6 12. Ne2 g5 13. Qd2 h5 14. Nxg5 fxg5 15.
Qxg5 Rdg8 16. Qd2 h4 17. a4 hxg3 18. fxg3 Nf5 19. Qd3 Nf6 20. Nf4 Qh7 21. h3
Bxf4 22. Bxf4 Bxh3 23. Bxh3 {White resigns} 0-1  aics%

[Event "Team 45 45 League T30"]
[Site "Internet Chess Club"]
[Date "2006.04.30"]
[Round "6"]
[White "PublisherKing"]
[Black "A-Ru"]
[Result "1-0"]
[WhiteElo "1935"]
[BlackElo "1869"]
[TimeControl "2700+45"]

1. c4 e6 2. d4 d5 3. cxd5 exd5 4. Nf3 Bf5 5. Nc3 c6 6. Bf4 Bd6 7. Qd2 Nf6 8.
Bxd6 Qxd6 9. Qg5 Bg6 10. Ne5 O-O 11. Nxg6 hxg6 12. a3 a5 13. e3 Nbd7 14. Qg3
Qxg3 15. hxg3 a4 16. Bd3 Rfe8 17. Kd2 Ng4 18. Ke2 f5 19. Rh3 b5 20. Na2 Nb6 21.
Nb4 Rac8 22. Rc1 Nc4 23. Bxc4 dxc4 24. Na6 Nf6 25. Nc5 Ne4 26. Nxe4 Rxe4 27.
Rch1 Kf7 28. Rh8 Ree8 29. Rxe8 Rxe8 30. Kd2 Ke6 31. Rh7 Rg8 32. Kc3 Kd5 33. g4
Ke4 34. gxf5 gxf5 35. Rh4+ Kd5 36. Rf4 Ke6 37. g4 Rf8 38. Rxf5 Rxf5 39. gxf5+
Kxf5 40. f3 g5 41. Kb4 Ke6 42. Kc5 Kd7 43. e4 Kc7 44. d5 cxd5 45. exd5 Kd7 46.
Kxb5 Kd6 47. Kxc4 Ke5 48. Kc5 Kf4 49. d6 Kxf3 50. d7 g4 51. d8=Q Kf2 52. Qd4+
Kf3 53. Qxa4 g3 54. Qd1+ Kf2 {Black resigns} 1-0  aics%

[Event "Team 45 45 League T30"]
[Site "Internet Chess Club"]
[Date "2006.04.28"]
[Round "6"]
[White "Kingofknights"]
[Black "kabindra"]
[Result "1-0"]
[WhiteElo "1651"]
[BlackElo "1818"]
[TimeControl "2700+45"]

1. d4 d5 2. c4 e6 3. Nc3 Nf6 4. Bg5 Be7 5. e3 O-O 6. Nf3 b6 7. cxd5 Nxd5 8. Bxe7
Nxe7 9. Bd3 Bb7 10. Qc2 Ng6 11. h4 Nc6 12. a3 h6 13. h5 Nge7 14. O-O-O Nd5 15.
Nxd5 exd5 16. g4 f6 17. Nh4 Ne7 18. f4 c5 19. Kb1 cxd4 20. Bh7+ Kh8 21. Rxd4 Rc8
22. Qd3 Qc7 23. Bf5 Rcd8 24. Rg1 Bc8 25. Bg6 Nc6 26. Rxd5 Rxd5 27. Qxd5 Ne7 28.
Qf3 Be6 29. Rc1 Ba2+ 30. Kxa2 Qxc1 31. Bd3 Qc6 32. Qxc6 Nxc6 33. Ng6+ Kg8 34.
Nxf8 Kxf8 35. Be4 Na5 36. Bd5 Ke7 37. b4 Kd6 38. e4 Nc6 39. Bxc6 Kxc6 40. Kb3 a6
41. a4 b5 42. axb5+ Kxb5 43. Kc3 Kc6 44. Kd4 Kb5 45. e5 fxe5+ 46. fxe5 Kc6 47.
Ke4 Kd7 48. Kd5 Ke7 49. e6 Kd8 50. Kd6 Ke8 51. e7 g5 52. hxg6 a5 53. g7 Kf7 54.
e8=Q+ Kxg7 55. bxa5 h5 {Black resigns} 1-0  aics%

[Event "Team 45 45 League T30"]
[Site "Internet Chess Club"]
[Date "2006.04.30"]
[Round "6"]
[White "NESKAYA"]
[Black "DaveTheRook"]
[Result "1-0"]
[WhiteElo "1548"]
[BlackElo "1651"]
[TimeControl "2700+45"]

1. e4 e5 2. Nf3 Nc6 3. Bc4 Nf6 4. Ng5 d5 5. exd5 Na5 6. Bb5+ c6 7. dxc6 bxc6 8.
Be2 h6 9. Nf3 e4 10. Ng1 Bd6 11. d3 O-O 12. dxe4 Nxe4 13. Nf3 Re8 14. O-O Qc7
15. Bd2 Bf5 16. Nc3 Nxd2 17. Qxd2 Bf4 18. Qd4 Rad8 19. Qc5 Bxc2 20. Bd1 Bd6 21.
Qh5 Bg6 22. Qg4 Bf4 23. g3 Bd6 24. a3 c5 25. Rc1 Qb7 26. Na4 Nb3 27. Rc3 Nd4 28.
Nxd4 cxd4 29. Rb3 Qd5 30. h4 Bf5 31. Qh5 Qa5 32. Rf3 g6 33. Qxh6 Re1 34. b4
Rxf1+ 35. Kxf1 Qb5+ 36. Kg1 Re8 37. Qd2 Bg4 38. Rd3 Bf5 39. Rxd4 Be5 40. Rd5 Qc6
41. Nc5 Bc3 42. Ba4 Bxd2 43. Bxc6 Re1+ 44. Kg2 Re2 45. Kf3 Re1 46. Rxd2 {Black
resigns} 1-0  aics%

[Event "Team 45 45 League T30"]
[Site "Internet Chess Club"]
[Date "2006.05.02"]
[Round "6"]
[White "az2112"]
[Black "Ingo"]
[Result "0-1"]
[WhiteElo "1696"]
[BlackElo "1694"]
[TimeControl "2700+45"]

1. e4 e6 2. d3 d5 3. Nd2 Nf6 4. e5 Nfd7 5. Ngf3 c5 6. g3 Nc6 7. Qe2 Qc7 8. Bg2
Ndxe5 9. O-O Bd6 10. Re1 O-O 11. Nb3 Ng6 12. Bd2 b5 13. c3 a5 14. a4 bxa4 {White
resigns} 0-1  aics% 



VentasD(71): yo me imagino como mirarian en el siguiente magistral que jugara...
aics%

[Event "ICC 45 45"]
[Site "Internet Chess Club"]
[Date "2006.04.30"]
[Round "6"]
[White "Allessia"]
[Black "JustinSane"]
[Result "1/2-1/2"]
[WhiteElo "2178"]
[BlackElo "2206"]
[TimeControl "2700+45"]

1. e4 e6 2. d4 d5 3. Nd2 Be7 4. e5 Nh6 5. Bd3 c5 6. c3 Nc6 7. Ne2 f6 8. f4 Qb6
9. Nf3 O-O 10. O-O Bd7 11. Kh1 Rac8 12. h3 cxd4 13. cxd4 Nb4 14. Bb1 Bb5 15. a3
Qa6 16. Rf2 fxe5 17. fxe5 Bh4 18. Bxh6 Bxf2 19. Nc3 Rxc3 20. bxc3 Be2 21. Qd2
Bxf3 22. Qxf2 {Game drawn by mutual agreement} 1/2-1/2  aics%